 Dungeon Crawl Stone Soup version 0.23.2-1-ga50397a (webtiles) character file.

Game seed: 8290234081366399916

5068 schauveau the Severer (level 10, -2/81 HPs)
             Began as a Minotaur Fighter on Apr 25, 2019.
             Was an Elder of Okawaru.
             Slain by a two-headed ogre
             ... wielding a +0 giant club
              (11 damage)
             ... on level 8 of the Dungeon.
             The game lasted 00:13:16 (6668 turns).

schauveau the Severer (Minotaur Fighter)            Turns: 6668, Time: 00:13:16

Health: -2/81      AC: 15    Str: 22    XL:     10   Next: 31%
Magic:  9/9        EV:  4    Int:  5    God:    Okawaru [****..]
Gold:   377        SH: 10    Dex: 16    Spells: 9/9 levels left

rFire    + . .     SeeInvis .   a - +0 war axe
rCold    . . .     Gourm    .   c - +0 shield
rNeg     . . .     Faith    .   j - +0 plate armour
rPois    .         Spirit   .   (helmet restricted)
rElec    .         Reflect  .   g - +1 cloak
rCorr    .         Harm     .   l - +0 pair of gloves
MR       .....                  (no boots)
Stlth    ..........             (no amulet)
HPRegen  0.23/turn              t - +4 ring of dexterity
MPRegen  0.11/turn              D - ring of protection from fire

@: no status effects
A: retaliatory headbutt, horns 2
a: Heroism, Renounce Religion


You were on level 8 of the Dungeon.
You worshipped Okawaru.
Okawaru was greatly pleased with you.
You were not hungry.

You visited 2 branches of the dungeon, and saw 9 of its levels.

You collected 377 gold pieces.

Inventory:

Hand Weapons
 a - a +0 war axe (weapon)
 y - a +2 spear of venom
 G - a +0 falchion of flaming
Missiles
 s - 11 poisoned needles
 u - 3 tomahawks (quivered)
 v - 7 javelins
 E - 5 javelins of returning
Armour
 c - a +0 shield (worn)
 g - a +1 cloak (worn)
 j - a +0 plate armour (worn)
 l - a +0 pair of gloves (worn)
Jewellery
 h - an uncursed ring of fire
 o - an uncursed ring of flight
 t - a +4 ring of dexterity (left hand)
 B - an uncursed ring of wizardry
 D - a ring of protection from fire (right hand)
 H - an uncursed amulet of magic regeneration
Wands
 i - a wand of enslavement (8)
 r - a wand of clouds (5)
 w - a wand of acid (9)
 A - a wand of paralysis (10)
Scrolls
 b - a scroll of teleportation
 d - a scroll of amnesia
 e - 9 scrolls of remove curse
 k - 3 scrolls of identify
 m - a scroll of fear
 x - a scroll of fog
 z - a scroll of enchant weapon
 C - 2 scrolls of magic mapping
Potions
 n - a potion of agility
 p - a potion of magic
 q - 4 potions of degeneration
Comestibles
 f - 15 rations
 F - 14 chunks of flesh


   Skills:
 - Level 5.2 Fighting
 * Level 16.4 Axes
 - Level 5.1 Armour
 - Level 3.6 Shields


You had 9 spell levels left.
You didn't know any spells.
Your spell library was empty.

Dungeon Overview and Level Annotations

Branches:
Dungeon (8/15)             Temple (1/1) D:4
   Lair: D:8-11

Altars:
Ashenzari
Cheibriados
Dithmenos
Elyvilon
Fedhas
Gozag
Hepliaklqana
Kikubaaqudgha
Makhleb
Nemelex Xobeh
Okawaru
Qazlal
Ru
Sif Muna
Trog
Uskayaw
Vehumet
Wu Jian
Xom
Yredelemnul
Zin
The Shining One

Shops:
D:6 =

Annotations:
D:3 Robin


Innate Abilities, Weirdness & Mutations

You reflexively headbutt those who attack you in melee.
You have a pair of horns on your head.


Message History

You block the two-headed ogre's attack.
You are too injured to fight recklessly!
You are too injured to fight recklessly!
You are too injured to fight recklessly!
You are too injured to fight recklessly!
You are too injured to fight recklessly!
You are too injured to fight recklessly!
You are too injured to fight recklessly!
You hit the two-headed ogre.
The two-headed ogre is lightly wounded.
The two-headed ogre hits you with a +0 giant club!
You block the two-headed ogre's attack.
You slash the two-headed ogre!
The two-headed ogre is moderately wounded.
You hit the two-headed ogre.
The two-headed ogre is heavily wounded.
The two-headed ogre hits you with a +0 giant club!!
* * * LOW HITPOINT WARNING * * *
The two-headed ogre hits you with a cursed -3 giant club!
You die...

### #. ##.#########
#. ##.#........# #.
##@###.#####.#
####.#.O##
##...##.## #!
......#.#
##........# ##.# .#
#..#.##.#.#.#.##..#
##...##.#
#...........#.##..#
#.....#.#
#.Z<.###.####.##..#
........###........#
#.##..#
...............##..#
#.##..#
..[...........###..#
#.##[.#####


You could see a two-headed ogre and an adder zombie (wandering).

Vanquished Creatures
  A hydra (D:8)
  A two-headed ogre (D:7)
  2 dream sheep (D:8)
  A hippogriff (D:7)
  2 yaks (D:8)
  Menkaure (D:7)
  4 ice beasts
  A sky beast (D:5)
  2 black bears
  A phantom (D:6)
  A necrophage (D:6)
  3 ogres
  3 centaurs
  3 big kobolds (D:8)
  2 scorpions
  A howler monkey (D:4)
  2 crimson imps
  5 hounds
  Crazy Yiuf (D:3)
  2 orc priests (D:4)
  6 bullfrog skeletons
  A gnoll shaman (D:4)
  4 iguanas
  Ijyb (D:3)
  Natasha (thrice) (D:3)
  2 orc wizards (D:4)
  A worker ant (D:7)
  A killer bee zombie (D:6)
  A hound zombie (D:8)
  4 gnolls (D:6)
  A howler monkey skeleton (D:8)
  14 adders
  4 shadow imps
  3 adder skeletons
  An adder zombie (D:6)
  4 worms
  A dart slug (D:1)
  6 leopard geckos
  22 orcs
  11 bats
  6 giant cockroaches
  10 goblins
  11 hobgoblins
  9 jackals
  8 kobolds
  2 quokkas
  6 frilled lizards
  A leopard gecko skeleton (D:8)
  6 rats
  A plant (D:8)
190 creatures vanquished.

Notes
Turn   | Place    | Note
-------+----------+-------------------------------------------
     0 | D:1      | schauveau the Minotaur Fighter began the quest for the Orb.
     0 | D:1      | Reached XP level 1. HP: 19/19 MP: 0/0
    86 | D:2      | Reached XP level 2. HP: 23/27 MP: 1/1
   114 | D:2      | Reached skill level 3 in Axes
   205 | D:3      | Reached XP level 3. HP: 33/33 MP: 2/2
   293 | D:3      | Noticed Natasha
   300 | D:3      | Killed Natasha
   300 | D:3      | Reached skill level 4 in Axes
   300 | D:3      | Reached XP level 4. HP: 29/41 MP: 3/3
   503 | D:5      | Entered Level 5 of the Dungeon
   571 | D:4      | Reached XP level 5. HP: 34/47 MP: 4/4
   576 | D:4      | Reached skill level 5 in Axes
   577 | D:4      | Found a staircase to the Ecumenical Temple.
   627 | Temple   | Entered the Ecumenical Temple
   747 | Temple   | Became a worshipper of Warmaster Okawaru
   929 | D:3      | Noticed Robin
   940 | D:4      | Reached skill level 5 in Fighting
   940 | D:4      | Reached skill level 5 in Armour
   996 | D:4      | Reached XP level 6. HP: 46/56 MP: 5/5
  1722 | D:2      | Reached skill level 6 in Axes
  1794 | D:2      | Found a basalt altar of Yredelemnul.
  2285 | D:3      | Noticed Natasha
  2292 | D:3      | Killed Natasha
  2338 | D:3      | Noticed Natasha
  2363 | D:3      | HP: 4/84 [Natasha (3)]
  2364 | D:3      | Killed Natasha
  2737 | D:3      | Reached skill level 7 in Axes
  2788 | D:3      | Reached XP level 7. HP: 54/61 MP: 6/6
  2821 | D:3      | Found a runed translucent door.
  2822 | D:3      | Noticed Crazy Yiuf
  2927 | D:3      | Noticed Ijyb
  2945 | D:3      | Killed Ijyb
  3277 | D:3      | Killed Crazy Yiuf
  3574 | D:4      | Reached skill level 8 in Axes
  3769 | D:5      | Reached * piety under Okawaru
  3769 | D:5      | Reached skill level 9 in Axes
  3773 | D:5      | Found a hazy altar of Hepliaklqana.
  3849 | D:5      | You fall through a shaft for 2 floors!
  3849 | D:7      | Noticed a hippogriff
  3865 | D:7      | Killed a hippogriff
  3865 | D:7      | Reached skill level 10 in Axes
  3865 | D:7      | Reached XP level 8. HP: 21/68 MP: 7/7
  4253 | D:7      | Reached ** piety under Okawaru
  4358 | D:6      | Reached skill level 11 in Axes
  4461 | D:5      | Found an iron altar of Okawaru.
  4535 | D:5      | Reached skill level 12 in Axes
  4846 | D:6      | Found Abloroock's Jewellery Emporium.
  4915 | D:6      | Reached XP level 9. HP: 73/73 MP: 8/8
  5012 | D:6      | Reached *** piety under Okawaru
  5055 | D:6      | Reached skill level 13 in Axes
  5509 | D:8      | Noticed a two-headed ogre
  5509 | D:8      | Noticed a two-headed ogre
  5836 | D:7      | Killed a two-headed ogre
  5836 | D:7      | Reached skill level 14 in Axes
  6240 | D:7      | Noticed Menkaure
  6245 | D:7      | Killed Menkaure
  6410 | D:8      | Reached **** piety under Okawaru
  6416 | D:8      | Reached skill level 15 in Axes
  6423 | D:8      | Received a gift from Okawaru
  6423 | D:8      | Reached XP level 10. HP: 43/81 MP: 9/9
  6450 | D:8      | Noticed a two-headed hydra
  6463 | D:8      | Killed a two-headed hydra
  6463 | D:8      | Reached skill level 16 in Axes
  6668 | D:8      | Slain by a two-headed ogre

Skill      XL: |  1  2  3  4  5  6  7  8  9 10 |
---------------+-------------------------------+-----
Axes           | 3 4 5 7 10 12 15 16 | 16.4
Fighting       | 4 5 |  5.2
Armour         | 4 5 |  5.1
Shields        | |  3.6

Action                   |  1- 3 |  4- 6 |  7- 9 | 10-12 || total
-------------------------+-------+-------+-------+-------++-------
Melee: War axe           |    55 |   218 |   254 |    77 ||   604
       Headbutt          |     1 |    40 |    65 |    17 ||   123
       Spear             |       |       |       |    14 ||    14
Invok: Heroism           |       |       |       |     1 ||     1
  Use: Potion            |       |     5 |     2 |       ||     7
       Scroll            |       |     2 |    10 |       ||    12
  Eat: Chunk             |       |     2 |     7 |       ||     9
       Ration            |       |     2 |     1 |       ||     3
Armor: Scale mail        |    32 |    28 |       |       ||    60
       Plate armour      |       |    79 |   118 |    35 ||   232
       Skin              |       |     1 |       |       ||     1
Dodge: Dodged            |    23 |    26 |    39 |     9 ||    97
Block: Shield            |    34 |   107 |   125 |    35 ||   301
